Map: Berlingrad LE

Players

IIIIIIIIIIII

  • Race: Zerg Zerg
  • League: Master
  • Spawn Location: 11:00

Pumba - Winner!

  • Race: Protoss Protoss
  • League: Diamond
  • Spawn Location: 5:00

VOD

Have the link to the VOD?

Description

Time

  • Played on: March 22, 2022, 5:10 p.m.
  • Length: 8:31
Show
View Real Time Build Order
Export as new Build Order

IIIIIIIIIIII Zerg 

Build Orders: Hatch First 

Get SALT Encoding   

  12  0:00  Drone  
  13  0:12  Overlord  
  13  0:17  Drone  
  14  0:30  Drone x2  
  16  0:49  Hatchery  
  15  0:52  Drone  
  15  0:56  Drone  
  17  0:59  Drone  
  18  1:10  Extractor  
  17  1:15  Spawning Pool  
  16  1:19  Drone  
  16  1:22  Drone  
  18  1:28  Drone  
  19  1:38  Overlord  
  19  2:03  Drone  
  19  2:04  Drone x2  
  19  2:05  Queen x2  
  26  2:16  Drone x2  
  28  2:27  Hatchery  
  27  2:31  Metabolic Boost  
  27  2:36  Zergling x2  
  27  2:37  Zergling x2  
  29  2:39  Zergling x2  
  29  2:41  Zergling x2  
  31  2:48  Queen  
  31  3:06  Drone  
  31  3:07  Drone x4  
  31  3:08  Overlord  
  36  3:15  Overlord  
  36  3:28  Drone x4  
  40  3:37  Overlord  
  40  3:38  Overlord  
  40  3:49  Drone  
  40  3:50  Drone  
  40  3:53  Drone, Roach Warren  
  42  4:00  Queen  
  42  4:02  Drone x3  
  47  4:06  Drone x2  
  47  4:09  Extractor  
  48  4:11  Lair  
  48  4:12  Evolution Chamber  
  48  4:16  Drone  
  48  4:17  Spore Crawler  
  48  4:19  Spore Crawler  
  48  4:21  Drone  
  48  4:24  Spore Crawler  
  46  4:26  Drone  
  46  4:27  Drone  
  46  4:30  Drone  
  46  4:31  Drone  
  50  4:32  Drone  
  51  4:42  Spore Crawler  
  51  4:43  Zergling x6  
  51  4:44  Zergling x6  
  56  4:49  Overlord  
  56  4:50  Overlord  
  56  4:56  Zerg Missile Weapons Level 1  
  56  4:59  Drone x2  
  58  5:00  Extractor  
  58  5:02  Extractor  
  52  5:18  Drone x3  
  52  5:19  Drone x3  
  52  5:21  Roach x5  
  64  5:24  Roach  
  70  5:37  Glial Reconstitution  
  70  5:49  Roach x2  
  74  5:51  Overlord x3  
  73  6:10  Drone  
  77  6:11  Drone x12  
  77  6:16  Hydralisk Den  
  83  6:40  Overlord  
  83  6:41  Overlord  
  83  6:46  Hydralisk x7  
  85  6:50  Muscular Augments  
  97  6:56  Drone  
  97  6:58  Infestation Pit, Drone  
  98  7:07  Drone x3  
  98  7:08  Drone x2  
  103  7:11  Extractor x2  
  103  7:12  Hydralisk x4  
  103  7:14  Overlord  
  109  7:16  Hatchery  
  99  7:33  Roach  
  99  7:34  Roach x8  
  87  7:53  Roach x8  
  77  8:03  Roach x2  
  54  8:07  Roach  
Show
View Real Time Build Order
Export as new Build Order

Pumba Protoss - Winner!

Build Orders: 1 Gate Expand, Zealot Archon, Archon Drop, Dark Templar Rush 

Get SALT Encoding   

  12  0:00  Probe  
  13  0:13  Probe  
  14  0:20  Pylon  
  14  0:25  Probe  
  15  0:38  Probe (Chrono Boost)  
  15  0:40  Gateway  
  16  0:49  Probe (Chrono Boost), Assimilator  
  17  0:54  Probe (Chrono Boost)  
  18  1:04  Probe  
  19  1:16  Probe  
  20  1:24  Nexus  
  20  1:34  Cybernetics Core  
  20  1:36  Probe  
  21  1:41  Assimilator  
  21  1:48  Probe  
  21  1:52  Pylon  
  22  2:00  Probe  
  23  2:08  Adept (Chrono Boost)  
  23  2:11  Warp Gate  
  23  2:12  Probe  
  26  2:21  Twilight Council  
  26  2:28  Probe, Stalker (Chrono Boost)  
  29  2:38  Probe (Chrono Boost)  
  29  2:42  Probe (Chrono Boost)  
  31  2:50  Probe (Chrono Boost)  
  32  2:52  Robotics Facility  
  32  2:56  Probe (Chrono Boost)  
  32  2:57  Probe (Chrono Boost)  
  34  3:04  Probe  
  35  3:09  Probe  
  36  3:13  Shield Battery  
  36  3:16  Probe  
  37  3:21  Probe  
  38  3:28  Dark Shrine, Probe  
  38  3:33  Probe  
  40  3:34  Gateway  
  40  3:36  Gateway  
  40  3:39  Gateway  
  40  3:42  Probe  
  40  3:45  Probe  
  40  3:48  Warp Prism (Chrono Boost)  
  44  3:57  Pylon  
  44  4:00  Probe x2  
  44  4:01  Assimilator  
  46  4:04  Assimilator  
  46  4:15  Probe, Pylon  
  47  4:19  Pylon  
  47  4:22  Probe  
  48  4:27  Probe  
  49  4:34  Probe  
  50  4:40  Dark Templar x2  
  50  4:41  Dark Templar x2  
  58  4:48  Probe x2  
  58  4:51  Pylon  
  60  5:00  Observer (Chrono Boost)  
  60  5:04  Charge  
  61  5:09  Gateway x2  
  61  5:11  Gateway  
  61  5:12  Gateway  
  61  5:17  Gateway  
  61  5:21  Immortal  
  61  5:27  Archon  
  61  5:28  Archon  
  65  5:36  Nexus  
  65  5:39  Shield Battery  
  65  5:48  Pylon  
  65  5:49  Pylon  
  65  5:50  Zealot  
  65  5:51  Zealot  
  65  5:52  Zealot x2  
  65  5:53  Pylon  
  73  6:17  Immortal (Chrono Boost)  
  73  6:19  Dark Templar x2  
  73  6:20  Nexus  
  81  6:38  Dark Templar x4  
  89  6:45  Archon x3  
  89  6:52  Pylon  
  89  7:00  Dark Templar x2  
  89  7:01  Zealot x3  
  95  7:04  Pylon  
  99  7:10  Archon  
  99  7:28  Zealot x7  
  101  7:43  Zealot x2  
  91  7:52  Zealot  
  91  7:53  Zealot x6  
Tags
 
Add a new tag
Caveats
  • Supply blocks, unpowered buildings, or Contaminate may cause inaccurate times.
  • Supply counts are checked every 10 seconds.